[Event "ICC tourney 1910 (25 10)"]
[Site "Internet Chess Club"]
[Date "2020.07.11"]
[Round "1"]
[White "Jeffchess"]
[Black "jhuang3"]
[Result "1/2-1/2"]
[ICCResult "Game drawn by mutual agreement"]
[WhiteElo "1410"]
[BlackElo "1422"]
[Opening "Sicilian defense"]
[ECO "B34"]
[NIC "SI.33"]
[Time "12:04:18"]
[TimeControl "1500+10"]

1. e4 c5 2. Nf3 Nc6 3. d4 cxd4 4. Nxd4 g6 5. Bb5 Bg7 6. Be3 a6 7. Bxc6 bxc6
8. Nc3 Bb7 9. Qd2 d6 10. Nf3 Nf6 11. O-O-O a5 12. e5 dxe5 13. Qxd8+ Rxd8 14.
Rxd8+ Kxd8 15. Nxe5 Ke8 16. Rd1 e6 17. Bb6 Ke7 18. g4 Nd5 19. Nxd5+ cxd5 20.
Bd4 Rg8 21. g5 h6 22. h4 h5 23. Rd3 Rc8 24. Nxg6+ fxg6 25. Bxg7 Rc4 26. Rb3
Bc6 27. Rb6 a4 28. b3 axb3 29. axb3 Rc5 30. Kb2 Kd7 31. f4 Rb5 32. Rxb5 Bxb5
33. Kc3 Kd6 34. Be5+ Kc5 35. Bd4+ Kd6 36. Kb4 Ba6 37. Ka5 Be2 38. b4 Kc6 39.
c3 Bb5 40. Be5 Bc4 41. Ka4 Bb5+ 42. Kb3 Bc4+ 43. Kc2 Kb5 44. Kd2 Bb3 45. Ke3
Kc4 46. Bd4 Ba4 47. Be5 Bb3 48. Bf6 Bc2 49. b5 Kxb5 50. Kd4 Bf5 51. Ke5 Kc4
52. Kd6 Kb5 53. Ke7 Kc4 54. Kf7 Kb5 55. Bd4 Kc4 56. Kf6 Kb5 57. Ke5 Kc4 58.
Kd6 Kb5 59. Kc7 Kc4 60. Kc6 Kb3 61. Kc5 Bd3 62. Kd6 Bf5 63. Kc5 Bd3 64. Be5
Bf5 65. Kd4 Bg4 66. Kc5 Bf5 67. Bf6 Be4 68. Kd6 Bf5 69. Bd4 Kc4 70. Kc6 Be4
71. Be5 Bf5 72. Kb6 Be4 73. Kc6 Bf5 74. Bd4 Be4 75. Kd6 Bf5 76. Ke5 Bg4 77.
Kf6 Bf5 78. Be5 Kb5 79. Kg7 Kc4 80. Bd4 Kb5 81. Kf6 Kc4 82. Ke5 Kb5 83. Kd6
Kc4 84. Kc6 Bg4 85. Kb6 Bf5 86. Ka5 Bc2 87. Kb6 Bf5 88. Kc6 Be4 89. Kd6 Bf5
90. Ke5 Bg4 {Game drawn by mutual agreement} 1/2-1/2

[Event "ICC tourney 1910 (25 10)"]
[Site "Internet Chess Club"]
[Date "2020.07.11"]
[Round "1"]
[White "EthanDember"]
[Black "KingRayfish"]
[Result "0-1"]
[ICCResult "White checkmated"]
[WhiteElo "1293"]
[BlackElo "1429"]
[Opening "Sicilian: Scheveningen (Paulsen), classical variation"]
[ECO "B84"]
[NIC "SI.23"]
[Time "12:03:43"]
[TimeControl "1500+10"]

1. e4 c5 2. Nf3 d6 3. d4 cxd4 4. Nxd4 Nf6 5. Nc3 a6 6. Be2 e6 7. Be3 Be7 8.
Qd2 O-O 9. O-O-O b5 10. f4 Bb7 11. Bf3 Nbd7 12. h3 b4 13. Nce2 Nxe4 14. Qxb4
Rb8 15. Bxe4 Bxe4 16. Qd2 Qc7 17. Nc3 Bg6 18. g4 e5 19. Nb3 f6 20. Nd5 Qd8
21. Nxe7+ Qxe7 22. f5 Bf7 23. Qxd6 Qxd6 24. Rxd6 Bxb3 25. axb3 Rb7 26. Rxa6
Rc8 27. Rd1 Rbc7 28. Rd2 Nc5 29. Bxc5 Rxc5 30. Ra7 e4 31. Re7 Re5 32. Rxe5
fxe5 33. Re2 Kf7 34. Rxe4 Kf6 35. Kd2 g6 36. fxg6 hxg6 37. h4 Rh8 38. g5+
Kf5 39. Rc4 e4 40. Rc5+ Kf4 41. Ke2 Rxh4 42. b4 Rh2+ 43. Ke1 e3 44. b5 Kf3
45. Rc8 Rh1# {White checkmated} 0-1

[Event "ICC tourney 1910 (25 10)"]
[Site "Internet Chess Club"]
[Date "2020.07.11"]
[Round "1"]
[White "tasawyer81"]
[Black "iamlifamily"]
[Result "0-1"]
[ICCResult "White checkmated"]
[WhiteElo "1170"]
[BlackElo "1457"]
[Opening "QGD Slav: 4.Nc3"]
[ECO "D15"]
[NIC "SL.03"]
[Time "12:03:41"]
[TimeControl "1500+10"]

1. d4 c6 2. c4 d5 3. Nc3 Nf6 4. Nf3 Bf5 5. Qb3 Qd7 6. e3 e6 7. cxd5 exd5 8.
Ne5 Qc7 9. Be2 Bd6 10. O-O O-O 11. Bd2 Nbd7 12. g3 Nxe5 13. dxe5 Bxe5 14.
Rac1 Be6 15. Nb5 Qd7 16. Nd4 Ne4 17. Bb4 Rfe8 18. Nxe6 Rxe6 19. Bf3 Nf6 20.
Rfd1 Ree8 21. e4 Rad8 22. exd5 cxd5 23. Rc5 d4 24. Be2 Bxg3 25. Bb5 Bxf2+
26. Kh1 Qg4 27. Bxe8 Qe4+ 28. Qf3 Qxf3# {White checkmated} 0-1

[Event "ICC tourney 1910 (25 10)"]
[Site "Internet Chess Club"]
[Date "2020.07.11"]
[Round "1"]
[White "SamLightning"]
[Black "oxdidi"]
[Result "1-0"]
[ICCResult "Black resigns"]
[WhiteElo "1517"]
[BlackElo "1237"]
[Opening "Trompowsky attack (Ruth, Opocensk? opening)"]
[ECO "A45"]
[NIC "QP.07"]
[Time "12:03:47"]
[TimeControl "1500+10"]

1. d4 Nf6 2. Bg5 g6 3. Bxf6 exf6 4. e3 Be7 5. Ne2 d5 6. Nf4 Bf5 7. c4 c6 8.
cxd5 cxd5 9. Nc3 Bb4 10. Qb3 Bxc3+ 11. bxc3 Be6 12. Nxe6 fxe6 13. Qxb7 Nd7
14. Bb5 Rb8 15. Bxd7+ Kf8 16. Qxa7 Ra8 17. Qc5+ Kf7 18. Bc6 Rc8 19. Qa7+ Rc7
20. Qa4 Qd6 21. Bb5 Rxc3 22. O-O h5 23. Rfc1 Rcc8 24. Qa7+ Qe7 25. Qxe7+
Kxe7 26. Rxc8 Rxc8 27. a4 Kd6 28. g3 g5 29. a5 Ra8 30. a6 Ra7 31. h4 gxh4
32. gxh4 Rg7+ 33. Kh2 Ra7 34. Be8 e5 35. dxe5+ fxe5 36. Bxh5 d4 37. exd4
exd4 38. f4 d3 39. Kg3 d2 40. Rd1 Rxa6 41. Rxd2+ Ke7 42. Kg4 Kf8 43. Kg5
Ra5+ 44. f5 Kg7 45. Rd7+ Kg8 46. Kg6 Ra6+ 47. f6 Ra8 48. Re7 Kf8 49. Rh7 Kg8
50. f7+ Kf8 51. Rh8+ Ke7 52. Rxa8 {Black resigns} 1-0

[Event "ICC tourney 1910 (25 10)"]
[Site "Internet Chess Club"]
[Date "2020.07.11"]
[Round "1"]
[White "stephenwilly"]
[Black "MadiChesskid"]
[Result "1-0"]
[ICCResult "Black resigns"]
[WhiteElo "1519"]
[BlackElo "1413"]
[Opening "Two knights defense (Modern bishop's opening)"]
[ECO "C55"]
[NIC "IG.01"]
[Time "12:03:45"]
[TimeControl "1500+10"]

1. e4 e5 2. Nf3 Nc6 3. Bc4 Nf6 4. d3 Be7 5. Nc3 O-O 6. h3 d6 7. Be3 Be6 8.
Bb3 a5 9. Ng5 Qd7 10. Nxe6 fxe6 11. d4 exd4 12. Bxd4 Nxd4 13. Qxd4 Kh8 14.
Qc4 Nxe4 15. Qxe4 a4 16. Bxa4 c6 17. Bb3 d5 18. Qe2 Bc5 19. O-O Qf7 20. Kh1
Qf4 21. g3 Qh6 22. Kg2 Rf7 23. Rae1 Re8 24. Nxd5 cxd5 25. Bxd5 Ref8 26. Bxe6
Rxf2+ 27. Rxf2 Rxf2+ 28. Qxf2 Bxf2 29. Kxf2 Qd2+ 30. Re2 Qd4+ 31. Kg2 h6 32.
Bf5 Qd5+ 33. Be4 Qxa2 34. Bg6 Qd5+ 35. Kh2 Qc6 36. Re8+ Qxe8 37. Bxe8 Kg8
38. b4 Kf8 39. Ba4 Ke7 40. Kg2 Kd6 41. Bb3 Kc6 42. c3 Kb5 43. Kf3 Kc6 44.
Ke4 Kd6 45. Kd4 b5 46. Bd5 g5 47. g4 Ke7 48. Kc5 Kf6 49. Kxb5 Ke5 50. Kc6
Kf6 51. b5 {Black resigns} 1-0

[Event "ICC tourney 1910 (25 10)"]
[Site "Internet Chess Club"]
[Date "2020.07.11"]
[Round "1"]
[White "Chesschamp27"]
[Black "GIML"]
[Result "1-0"]
[ICCResult "Black resigns"]
[WhiteElo "1497"]
[BlackElo "1342"]
[Opening "Neo-Gr?nfeld defense"]
[ECO "D70"]
[NIC "KI.80"]
[Time "12:04:11"]
[TimeControl "1500+10"]

1. d4 Nf6 2. c4 g6 3. Nf3 d5 4. e3 Bg7 5. Bd3 O-O 6. Nbd2 c5 7. O-O Nc6 8.
cxd5 Nxd5 9. e4 Nf4 10. Bc2 cxd4 11. Nb3 Ne6 12. a3 b6 13. Re1 Qd7 14. e5
Rd8 15. Be4 Bb7 16. Bxc6 Bxc6 17. Bd2 Rac8 18. Rc1 Bxf3 19. Qxf3 Rxc1 20.
Nxc1 Nc5 21. Nb3 d3 22. Nxc5 bxc5 23. Qe3 Qd5 24. Bc3 c4 25. Qxa7 d2 26. Rd1
Qe6 27. Qc7 Qd7 28. Qxc4 Qd5 29. Qxd5 Rxd5 30. Rxd2 Rxd2 31. Bxd2 Bxe5 32.
b4 Bd4 33. b5 f5 34. a4 Kf7 35. a5 e5 36. b6 e4 37. Be3 Be5 38. g3 Kf6 39.
Bf4 Bc3 40. b7 Be5 41. Bxe5+ Kxe5 42. b8=Q+ Kd4 43. Qa7+ Kd3 44. Qxh7 e3 45.
fxe3 Kxe3 46. Qxg6 f4 47. a6 f3 48. a7 f2+ 49. Kf1 {Black resigns} 1-0

[Event "ICC tourney 1910 (25 10)"]
[Site "Internet Chess Club"]
[Date "2020.07.11"]
[Round "1"]
[White "AndreiM"]
[Black "ChessStar22"]
[Result "1/2-1/2"]
[ICCResult "Game drawn by repetition"]
[WhiteElo "1400"]
[BlackElo "1400"]
[Opening "Caro-Kann: exchange variation"]
[ECO "B13"]
[NIC "CK.02"]
[Time "12:04:16"]
[TimeControl "1500+10"]

1. d4 c6 2. e4 d5 3. exd5 cxd5 4. Nf3 Nc6 5. Bf4 Bg4 6. Be2 Nf6 7. h3 Bxf3
8. Bxf3 Qb6 9. c3 Qxb2 10. O-O Qxa1 11. Qb3 Na5 12. Qb5+ Nc6 13. Qxb7 Rd8
14. Qxc6+ Nd7 15. Bxd5 e6 16. Bb3 Qb2 17. Bc7 Be7 18. Bxd8 Bxd8 19. Ba4 O-O
20. Qxd7 Qxa2 21. Qb5 Bb6 22. Qb3 Qe2 23. Na3 Rb8 24. Rb1 g6 25. Qd1 Qa6 26.
c4 Rd8 27. d5 exd5 28. cxd5 Bc5 29. Ra1 Qd6 30. Nb5 Qxd5 31. Qxd5 Rxd5 32.
Bb3 Rd7 33. Rc1 Bb6 34. Rb1 Rd2 35. Rf1 a6 36. Nc3 Rd3 37. Rc1 Ba5 38. Bxf7+
Kxf7 39. Na4 Bb4 40. Rc7+ Kg8 41. Rb7 a5 42. Rb5 Rd1+ 43. Kh2 Rd2 44. Kg3
Rd3+ 45. Kf4 Ra3 46. Nb6 Ra2 47. f3 Rxg2 48. Nd5 Rb2 49. Ke4 Re2+ 50. Kd3
Rd2+ 51. Ke3 Rb2 52. Rb8+ Kg7 53. Rb7+ Kh6 54. Ke4 Re2+ 55. Kd3 Rd2+ 56. Ke4
Re2+ 57. Kd3 Rd2+ 58. Ke4 Re2+ 59. Kd3 Rd2+ 60. Ke4 Re2+
{Game drawn by repetition}
1/2-1/2

[Event "ICC tourney 1910 (25 10)"]
[Site "Internet Chess Club"]
[Date "2020.07.11"]
[Round "1"]
[White "wildrumpus"]
[Black "IplayLikeTrash"]
[Result "0-1"]
[ICCResult "White checkmated"]
[WhiteElo "1525"]
[BlackElo "1579"]
[Opening "Queen's pawn"]
[ECO "A40"]
[NIC "QO.17"]
[Time "12:03:54"]
[TimeControl "1500+10"]

1. d4 e6 2. e3 Nf6 3. Bd3 d5 4. Nd2 Be7 5. f4 O-O 6. Ngf3 h6 7. O-O Nbd7 8.
Ne5 c5 9. c3 Qc7 10. g4 Nxe5 11. fxe5 Nd7 12. e4 Qc6 13. a4 b6 14. exd5 exd5
15. Qf3 a6 16. c4 Bb7 17. Qf5 g6 18. Qf2 cxd4 19. cxd5 Qc5 20. Ne4 Qxd5 21.
Bxh6 Rfc8 22. h4 Nxe5 23. Nf6+ Bxf6 24. Qxf6 Qg2# {White checkmated} 0-1

[Event "ICC tourney 1910 (25 10)"]
[Site "Internet Chess Club"]
[Date "2020.07.11"]
[Round "1"]
[White "CheddarCheng1"]
[Black "Chris0708"]
[Result "1-0"]
[ICCResult "Black resigns"]
[WhiteElo "1458"]
[BlackElo "1174"]
[Opening "Two knights defense (Modern bishop's opening)"]
[ECO "C55"]
[NIC "IG.01"]
[Time "12:05:54"]
[TimeControl "1500+10"]

1. e4 e5 2. Nf3 Nc6 3. Bc4 Nf6 4. d3 h6 5. O-O Bc5 6. c3 d5 7. exd5 Nxd5 8.
b4 Bb6 9. Re1 Bg4 10. h3 Bxf3 11. Qxf3 Qf6 12. Bxd5 Qxf3 13. Bxf3 O-O-O 14.
Bg4+ Kb8 15. a4 a6 16. Be3 Rxd3 17. Bxb6 cxb6 18. Bf5 Rdd8 19. Na3 Rhe8 20.
Nc4 Kc7 21. Rad1 f6 22. Kh2 a5 23. b5 Ne7 24. Bc2 Nd5 25. Rc1 Nf4 26. g3 Nd3
27. Bxd3 Rxd3 28. Red1 Red8 29. Ne3 Rd2 30. Rxd2 Rxd2 31. Kg2 Ra2 32. Nd5+
Kd6 33. c4 Rxa4 34. Nxb6 Rb4 35. Nd5 Ra4 36. Nb6 Rb4 37. c5+ Ke7 38. Nd5+
{Black resigns}
1-0

[Event "ICC tourney 1910 (25 10)"]
[Site "Internet Chess Club"]
[Date "2020.07.11"]
[Round "1"]
[White "srirammarni"]
[Black "sujay2010"]
[Result "0-1"]
[ICCResult "White checkmated"]
[WhiteElo "1342"]
[BlackElo "1628"]
[Opening "Sicilian defense"]
[ECO "B44"]
[NIC "SI.39"]
[Time "12:03:43"]
[TimeControl "1500+10"]

1. e4 c5 2. Nf3 e6 3. d4 cxd4 4. Nxd4 Nc6 5. Nxc6 bxc6 6. Bc4 d5 7. exd5
cxd5 8. Bb5+ Bd7 9. Bxd7+ Qxd7 10. Nc3 Nf6 11. Bg5 Be7 12. O-O O-O 13. a3
Rab8 14. b3 Rfc8 15. Ne2 Qc7 16. Ra2 Ng4 17. Bf4 e5 18. Bg3 Nf6 19. f4 Bd6
20. Qd2 Re8 21. Nc3 exf4 22. Bxf4 Bxf4 23. Rxf4 Rbd8 24. Ra1 Ne4 25. Nxe4
dxe4 26. Qf2 e3 27. Qf3 e2 28. Re1 Rd1 29. Rxd1 exd1=Q+ 30. Qxd1 Qxf4 31. h3
Qe3+ 32. Kh2 Qe2 33. Qd7 Qe5+ 34. g3 Qe2+ 35. Kg1 Qe1+ 36. Kg2 Re2+ 37. Kf3
Rf2+ 38. Kg4 Qe4+ 39. Kh5 Rf5+ 40. Qxf5 Qxf5+ 41. Kh4 h6 42. g4 Qf2+ 43. Kh5
Kh7 44. c4 g6# {White checkmated} 0-1

[Event "ICC tourney 1910 (25 10)"]
[Site "Internet Chess Club"]
[Date "2020.07.11"]
[Round "1"]
[White "NimaiG"]
[Black "RobloxMadCity"]
[Result "1-0"]
[ICCResult "Black checkmated"]
[WhiteElo "1558"]
[BlackElo "1469"]
[Opening "Sicilian: accelerated fianchetto, Mar?czy bind, 6.Be3"]
[ECO "B38"]
[NIC "SI.33"]
[Time "12:04:23"]
[TimeControl "1500+10"]

1. e4 c5 2. Nf3 Nc6 3. d4 cxd4 4. Nxd4 g6 5. c4 Bg7 6. Be3 Nf6 7. Nc3 O-O 8.
Bd3 d6 9. Be2 Bd7 10. Qd2 a6 11. O-O Qc7 12. Rad1 Ne5 13. b3 Rfd8 14. Nd5
Nxd5 15. exd5 Ng4 16. Bf4 Bxd4 17. Qxd4 Qc5 18. Qxc5 dxc5 19. Rfe1 Kf8 20.
h3 Nf6 21. Bd3 b5 22. Bh6+ Ke8 23. Bg5 Kf8 24. cxb5 axb5 25. d6 e6 26. Bxf6
Rdc8 27. Be7+ Ke8 28. Re2 c4 29. bxc4 bxc4 30. Be4 Ra3 31. Bf6 c3 32. Rc1
Bc6 33. Bxc6+ Rxc6 34. Be5 Kd7 35. Re3 Rxa2 36. Rexc3 Rxc3 37. Rxc3 Ra5 38.
Rc7+ Ke8 39. Bf6 Rd5 40. d7+ Rxd7 41. Rc8+ Rd8 42. Rxd8# {Black checkmated}
1-0

[Event "ICC tourney 1910 (25 10)"]
[Site "Internet Chess Club"]
[Date "2020.07.11"]
[Round "1"]
[White "jesse3chess"]
[Black "ab4gm"]
[Result "1-0"]
[ICCResult "Black resigns"]
[WhiteElo "1410"]
[BlackElo "1288"]
[Opening "Ruy Lopez: classical (Cordel) defense"]
[ECO "C64"]
[NIC "RL.01"]
[Time "12:04:03"]
[TimeControl "1500+10"]

1. e4 e5 2. Nf3 Nc6 3. Bb5 Bc5 4. Bxc6 dxc6 5. Nxe5 Qd4 6. Nd3 Qxe4+ 7. Qe2
Qxe2+ 8. Kxe2 Bd6 9. Nc3 Nf6 10. b3 O-O 11. Bb2 Re8+ 12. Kf1 Ng4 13. g3 Nf6
14. Kg2 Bd7 15. Rhe1 c5 16. Rxe8+ Rxe8 17. Re1 Rxe1 18. Nxe1 Ng4 19. Nd3
Bc6+ 20. Kg1 Ne5 21. Nxe5 Bxe5 22. Na4 Bxb2 23. Nxb2 Kf8 24. f4 f5 25. Kf2
g6 26. Nd3 Ke7 27. Nxc5 b6 28. Nd3 Ke6 29. Ne5 Kd5 30. Nxc6 Kxc6 31. Ke3 Kb5
32. Kd4 Kb4 33. a4 Ka3 34. Ke5 Kb2 35. Kf6 Kxc2 36. Kg7 Kxb3 37. Kxh7 Kxa4
38. Kxg6 b5 39. h4 b4 40. h5 b3 41. h6 b2 42. h7 b1=Q 43. h8=Q Qb6+ 44. Kxf5
Qc5+ 45. Qe5 Qf8+ 46. Ke4 Qb4+ 47. d4 Qe1+ 48. Kf3 Qf1+ 49. Kg4 Qd1+ 50. Kg5
Kb4 51. Qc5+ Kb3 52. Qxa7 Qe1 53. Qb7+ Ka2 54. Qg2+ Kb1 55. Kf5 Qa5+ 56. Kg4
Qb6 57. Qe4+ Ka2 58. Kf3 Qb3+ 59. Qe3 Qd5+ 60. Qe4 Qb3+ 61. Kg4 Qg8+ 62. Kf3
Qb3+ 63. Kf2 Qb2+ 64. Qe2 Qxe2+ 65. Kxe2 Kb3 66. Kd3 Kb4 67. Ke4 Kb5 68. Ke5
c5 69. dxc5 Kxc5 70. f5 Kc6 71. g4 Kd7 72. Kf6 Ke8 73. Kg7 Ke7 74. f6+ Ke8
75. f7+ Kd7 76. f8=Q {Black resigns} 1-0

[Event "ICC tourney 1910 (25 10)"]
[Site "Internet Chess Club"]
[Date "2020.07.11"]
[Round "1"]
[White "SunnyCountry"]
[Black "Supersamraat"]
[Result "0-1"]
[ICCResult "White checkmated"]
[WhiteElo "1317"]
[BlackElo "1483"]
[Opening "French: Steinitz variation"]
[ECO "C11"]
[NIC "FR.04"]
[Time "12:03:45"]
[TimeControl "1500+10"]

1. e4 e6 2. d4 d5 3. Nc3 Nf6 4. e5 Nfd7 5. Nf3 c5 6. Be3 Nc6 7. Be2 Qb6 8.
Rb1 cxd4 9. Bxd4 Nxd4 10. Nxd4 a6 11. Nf3 Qc7 12. O-O Nxe5 13. Re1 Nxf3+ 14.
Bxf3 Be7 15. Qd2 O-O 16. a3 Bf6 17. Ne2 Bd7 18. c3 Bb5 19. Nd4 Qc5 20. Rbc1
Rac8 21. h3 Bxd4 22. cxd4 Qd6 23. b4 Rc6 24. Rxc6 Qxc6 25. Rc1 Bc4 26. Be2
b5 27. Qc2 Qb6 28. Rd1 Bxe2 29. Qxe2 Rc8 30. Qe3 Qc7 31. Re1 Qc3 32. Qxc3
Rxc3 33. Kh2 Kf8 34. Ra1 Rc4 35. Rd1 Ke7 36. Kg3 Kd7 37. Kf4 Rc3 38. Ra1 Rd3
39. Ke5 f6+ 40. Kf4 Rxd4+ 41. Ke3 Rc4 42. Kd3 e5 43. f3 d4 44. g4 Rc3+ 45.
Ke4 Ke6 46. f4 Re3# {White checkmated} 0-1

[Event "ICC tourney 1910 (25 10)"]
[Site "Internet Chess Club"]
[Date "2020.07.11"]
[Round "1"]
[White "MonkeyTown"]
[Black "arjunk2011"]
[Result "1-0"]
[ICCResult "Black checkmated"]
[WhiteElo "1456"]
[BlackElo "1152"]
[Opening "Sicilian: Alapin's variation (2.c3)"]
[ECO "B22"]
[NIC "SI.46"]
[Time "12:03:41"]
[TimeControl "1500+10"]

1. e4 c5 2. c3 d6 3. d4 cxd4 4. cxd4 Nf6 5. Nc3 a6 6. Nf3 e6 7. Bf4 Nbd7 8.
Rc1 Be7 9. Bd3 b5 10. O-O O-O 11. Re1 Bb7 12. Bb1 Nh5 13. Be3 Ndf6 14. h3 b4
15. Na4 Nxe4 16. Nh2 Nhf6 17. Qd3 d5 18. f3 Nd6 19. Ng4 g6 20. Ne5 Nd7 21.
Nxd7 Qxd7 22. Nc5 Qd8 23. Bf4 Bc8 24. Bh6 Re8 25. Red1 a5 26. b3 Nb7 27. Na4
Bd7 28. Nb2 Rc8 29. Rxc8 Qxc8 30. Rc1 Qa8 31. Rc7 Bc8 32. Bf4 Nd6 33. Na4
Nf5 34. Qb5 Rd8 35. Bxf5 exf5 36. Rxe7 Kf8 37. Qc5 Kg7 38. Ra7 Qb8 39. Bxb8
Bd7 40. Be5+ Kg8 41. Qe7 Rf8 42. Rxd7 h6 43. Qf6 g5 44. Qg7# {Black
checkmated} 1-0

[Event "ICC tourney 1910 (25 10)"]
[Site "Internet Chess Club"]
[Date "2020.07.11"]
[Round "1"]
[White "vsmukund"]
[Black "ruhanv"]
[Result "1-0"]
[ICCResult "Black checkmated"]
[WhiteElo "1511"]
[BlackElo "1379"]
[Opening "Caro-Kann: advance variation"]
[ECO "B12"]
[NIC "CK.04"]
[Time "12:04:02"]
[TimeControl "1500+10"]

1. e4 c6 2. d4 d5 3. e5 Bf5 4. Bd3 Bg6 5. Bxg6 hxg6 6. c3 e6 7. Be3 Ne7 8.
Nf3 Nf5 9. Nbd2 Be7 10. h3 Nd7 11. a3 Nxe3 12. fxe3 Bh4+ 13. Nxh4 Qxh4+ 14.
Ke2 Qg5 15. Qf1 O-O 16. Rg1 f6 17. Qf4 Qxf4 18. exf4 fxe5 19. fxe5 Rf7 20.
Rgf1 Raf8 21. Rxf7 Rxf7 22. Rf1 Rf5 23. g4 Rxf1 24. Nxf1 Kf7 25. Kd3 Nb6 26.
b3 Nd7 27. Nd2 b5 28. c4 a5 29. a4 b4 30. c5 g5 31. Ke3 Nf8 32. Nf3 Nh7 33.
Ng1 g6 34. Ne2 Kg7 35. Nc1 Nf8 36. Nd3 Nd7 37. Kf3 Kh6 38. Kg3 Nb8 39. Kf3
Na6 40. Ne1 Nc7 41. Kg3 Ne8 42. Nf3 Nc7 43. h4 gxh4+ 44. Kxh4 Kg7 45. Kg5
Kf7 46. Nh4 Kg7 47. Nxg6 Kf7 48. Kh6 Ne8 49. g5 Ng7 50. Kh7 Nf5 51. Nh8+ Kf8
52. g6 Ng7 53. Nf7 Nf5 54. Nd8 Ng7 55. Nxc6 Nf5 56. Nxa5 Nxd4 57. g7+ Kf7
58. g8=Q+ Ke7 59. Qg7+ Ke8 60. Kg6 Nf5 61. Qf7+ Kd8 62. Nc6+ Kc8 63. Qxe6+
Kb7 64. Qxf5 Kxc6 65. Qc8# {Black checkmated} 1-0

[Event "ICC tourney 1910 (25 10)"]
[Site "Internet Chess Club"]
[Date "2020.07.11"]
[Round "1"]
[White "IGMin2023"]
[Black "Clavier385"]
[Result "1-0"]
[ICCResult "Black resigns"]
[WhiteElo "1483"]
[BlackElo "1317"]
[Opening "English: Neo-Catalan"]
[ECO "A13"]
[NIC "RE.11"]
[Time "12:03:39"]
[TimeControl "1500+10"]

1. Nf3 e6 2. c4 d5 3. g3 Nf6 4. Bg2 c5 5. O-O Nc6 6. b3 Bd7 7. Bb2 g6 8. e3
Bg7 9. Nc3 dxc4 10. bxc4 a6 11. Rb1 Qc7 12. Na4 Nb4 13. a3 Nd3 14. Bc3 O-O
15. Qc2 Rfd8 16. Nb2 Nxb2 17. Qxb2 Ne8 18. Bxg7 Nxg7 19. Ne5 Bc6 20. Nxc6
bxc6 21. Qb3 Rxd2 22. Qa4 Rd6 23. Qb3 Nf5 24. Rfd1 Rad8 25. Rxd6 Rxd6 26.
Qa4 Qd8 27. Bxc6 Ne7 28. Bb7 a5 29. Bg2 Kg7 30. Bf3 Rb6 31. Rd1 Rb4 32. axb4
{Black resigns}
1-0

[Event "ICC tourney 1910 (25 10)"]
[Site "Internet Chess Club"]
[Date "2020.07.11"]
[Round "1"]
[White "jvihaan"]
[Black "DEEEFENDER"]
[Result "0-1"]
[ICCResult "White resigns"]
[WhiteElo "1229"]
[BlackElo "1449"]
[Opening "Caro-Kann: advance variation"]
[ECO "B12"]
[NIC "CK.04"]
[Time "12:04:47"]
[TimeControl "1500+10"]

1. e4 c6 2. d4 d5 3. e5 Bf5 4. h4 h6 5. g4 Bh7 6. Bd3 Bxd3 7. Qxd3 e6 8. f4
Ne7 9. Nf3 g6 10. Be3 a6 11. a4 Bg7 12. Nc3 Nd7 13. b4 Nb6 14. g5 h5 15. Nd2
O-O 16. a5 Nd7 17. Nb3 Nf5 18. Kd2 Nxe3 19. Qxe3 Rb8 20. Na4 Qc7 21. Nac5
Nxc5 22. Nxc5 Ra8 23. c4 dxc4 24. Qc3 b6 25. axb6 Qxb6 26. Qxc4 a5 27. Nd7
Qb7 28. Nxf8 Bxf8 29. bxa5 Bb4+ 30. Ke3 Bxa5 31. Rhb1 Qc7 32. Kd3 Rd8 33.
Rc1 Qb6 34. Rab1 Qa7 35. Qc5 Qa6+ 36. Ke3 Rc8 37. Ra1 Ra8 38. Rcb1 Kg7 39.
Ra2 Ra7 40. Rba1 Rb7 41. Ra3 Rb5 42. Qc2 Qb6 43. Qd3 Rd5 44. Rb3 Qd8 45.
Rba3 Bb6 46. Ra4 c5 47. Ke4 cxd4 48. Rc4 Rb5 49. Rxd4 Bxd4 50. Qxd4 Rd5 51.
Qc4 Qb6 52. Rc1 Qf2 53. Rc2 Qxh4 54. Qa2 Qh1+ 55. Rg2 Qe1+ 56. Re2 Qb4+ 57.
Kf3 Rd4 58. Qb2 Rxf4+ 59. Kg2 Qxb2 60. Rxb2 Rf5 61. Kh3 Rxg5 62. Re2 Rf5 63.
Kh4 Kh6 64. Re4 g5+ 65. Kg3 Kg6 66. Kh3 Rf3+ 67. Kg2 g4 68. Re2 Kf5 69. Re1
h4 70. Re2 Rf4 71. Re1 Re4 72. Rf1+ Kg6 73. Rf6+ Kg7 74. Rf1 Rxe5 75. Rh1
h3+ 76. Kg3 f5 77. Rf1 Kg6 78. Rh1 Kg5 79. Rf1 Re3+ 80. Kf2 f4 81. Rg1 e5
82. Rd1 g3+ 83. Kg1 {White resigns} 0-1

[Event "ICC tourney 1910 (25 10)"]
[Site "Internet Chess Club"]
[Date "2020.07.11"]
[Round "1"]
[White "Eleyn"]
[Black "Hydra88"]
[Result "1/2-1/2"]
[ICCResult "Game drawn by repetition"]
[WhiteElo "1434"]
[BlackElo "1502"]
[Opening "French: Winawer (Nimzovich) variation"]
[ECO "C15"]
[NIC "FR.08"]
[Time "12:03:42"]
[TimeControl "1500+10"]

1. e4 e6 2. d4 d5 3. Nc3 Bb4 4. Bd3 Nc6 5. Ne2 Bxc3+ 6. Nxc3 dxe4 7. Nxe4
Qxd4 8. c3 Qd8 9. O-O Nge7 10. Qf3 Ne5 11. Bb5+ Bd7 12. Bxd7+ Qxd7 13. Qg3
N5g6 14. Be3 O-O-O 15. Ng5 Nf5 16. Qh3 h6 17. Ne4 Qc6 18. Ng3 Nxe3 19. fxe3
Rd2 20. e4 Qc5+ 21. Kh1 Rf8 22. b4 Qxc3 23. b5 Qd3 24. a4 Ne5 25. Qh4 Rd8
26. h3 Qc2 27. Rg1 Nf3 28. Qf4 Nxg1 29. Rxg1 Rd1 30. Qxf7 Rxg1+ 31. Kxg1
Rd1+ 32. Kh2 Qd2 33. Qxg7 Qd4 34. Qg8+ Qd8 35. Qxe6+ Qd7 36. Qxh6 Ra1 37.
Qf8+ Qd8 38. Qf5+ Qd7 39. Qf8+ Qd8 40. Qf5+ Qd7 41. Qf8+
{Game drawn by repetition}
1/2-1/2

[Event "ICC tourney 1910 (25 10)"]
[Site "Internet Chess Club"]
[Date "2020.07.11"]
[Round "1"]
[White "ivangoponenko"]
[Black "Daniel20180828"]
[Result "1-0"]
[ICCResult "Black resigns"]
[WhiteElo "1560"]
[BlackElo "1370"]
[Opening "Caro-Kann: exchange variation"]
[ECO "B13"]
[NIC "CK.02"]
[Time "12:04:34"]
[TimeControl "1500+10"]

1. e4 c6 2. d4 d5 3. exd5 cxd5 4. Nc3 Bf5 5. Nf3 e6 6. Bb5+ Nc6 7. Ne5 Qb6
8. O-O Nf6 9. Bf4 Be7 10. Bg5 a6 11. Bxc6+ bxc6 12. b3 h6 13. Bh4 Qb7 14.
Ne2 O-O 15. c4 Rfd8 16. Nf3 Rac8 17. Qd2 c5 18. Qc3 dxc4 19. bxc4 cxd4 20.
Nexd4 Bg6 21. Qb3 Qa7 22. Rfd1 Qc5 23. Rac1 e5 24. Ne2 Rxd1+ 25. Qxd1 e4 26.
Nd2 Rd8 27. Qe1 e3 28. Nf3 exf2+ 29. Qxf2 Qxf2+ 30. Kxf2 Ng4+ 31. Kg3 Bxh4+
32. Nxh4 Ne3 33. Nxg6 fxg6 34. c5 Rc8 35. Nf4 g5 36. Nd3 Kf8 37. Kf3 Nd5 38.
a3 Ke7 39. Nb4 Nxb4 40. axb4 Ke6 41. Ke4 Rb8 42. Rb1 Rb5 43. Kd4 g4 44. Kc4
h5 45. Ra1 h4 46. Rxa6+ {Black resigns} 1-0

[Event "ICC tourney 1910 (25 10)"]
[Site "Internet Chess Club"]
[Date "2020.07.11"]
[Round "1"]
[White "chessisfunsp"]
[Black "TheOrcaPro"]
[Result "1-0"]
[ICCResult "Black checkmated"]
[WhiteElo "1576"]
[BlackElo "1604"]
[Opening "French: advance, Euwe variation"]
[ECO "C02"]
[NIC "FR.03"]
[Time "12:03:52"]
[TimeControl "1500+10"]

1. e4 e6 2. d4 d5 3. e5 c5 4. c3 Bd7 5. Nf3 Nc6 6. Be3 Qb6 7. Qd2 Rc8 8. Be2
cxd4 9. cxd4 Bb4 10. Nc3 Nge7 11. a3 Bxc3 12. bxc3 Na5 13. Qd3 Nc4 14. O-O
O-O 15. Rfb1 Qc7 16. Bf4 Ng6 17. Bg5 h6 18. Bc1 a6 19. a4 b5 20. axb5 Bxb5
21. Qd1 Ra8 22. Bd3 Ne7 23. Nh4 Rfc8 24. Bc2 Nb6 25. Qg4 Kh8 26. Bd2 Nc4 27.
Bf4 Rg8 28. Qh5 Rgc8 29. Qxf7 Be8 30. Qxe6 Qa7 31. Nf5 Rc7 32. Bxh6 Nxf5 33.
Qxf5 g6 34. Qf6+ Kh7 35. Bf8 Nd2 36. Rb6 Ne4 37. Bxe4 dxe4 38. Rbxa6 Rb7 39.
Rxa7 Raxa7 40. Rxa7 Rxa7 41. h4 Rf7 42. Qd6 Rd7 43. Qe6 Rf7 44. Qxe8 Rxf8
45. Qxf8 e3 46. fxe3 g5 47. hxg5 Kg6 48. e6 Kh7 49. e7 Kg6 50. e8=Q+ Kh7 51.
Qef7# {Black checkmated} 1-0